 Dungeon Crawl Stone Soup version 0.27.1-33-g824d729ab1 (webtiles) character file.

Game seed: 8487137450378539363

39 styxcanada the Sneak (level 3, -2/18 HPs)
             Began as a Spriggan Brigand on Dec 30, 2021.
             Killed from afar by Terence (9 damage)
             ... with a puff of flame
             ... on level 3 of the Dungeon.
             The game lasted 00:07:05 (2293 turns).

styxcanada the Sneak (Spriggan Brigand)             Turns: 2293, Time: 00:07:06

Health: -2/18      AC:  3    Str:  7    XL:     3   Next: 26%
Magic:  4/4        EV: 17    Int: 12    God:
Gold:   125        SH:  0    Dex: 17    Spells: 2/2 levels left

rFire    . . .     SeeInvis +   a - +2 dagger
rCold    . . .     Faith    .   (shield restricted)
rNeg     . . .     Spirit   .   b - +0 robe
rPois    .         Reflect  .   (helmet restricted)
rElec    .         Harm     .   c - +0 cloak
rCorr    .         Rampage  .   (gloves unavailable)
Will     .....                  (boots unavailable)
Stlth    ++++......             (no amulet)
HPRegen  0.06/turn              (no ring)
MPRegen  0.09/turn              (no ring)

@: very quick
A: very small, no large weapons, unfitting armour, see invisible, speed 3
a: no special abilities


You were on level 3 of the Dungeon.
You visited 1 branch of the dungeon, and saw 3 of its levels.

You collected 125 gold pieces.

Inventory:

Hand Weapons
 a - a +2 dagger (weapon)
Missiles
 d - 18 poisoned darts (quivered)
 e - 2 curare-tipped darts
 i - 30 stones
 n - 13 sling bullets
 p - a throwing net
Armour
 b - a +0 robe (worn)
 c - a +0 cloak (worn)
 l - quicksilver dragon scales
Magical Staves
 h - a staff of cold
Scrolls
 j - 3 scrolls of teleportation {unknown}
 k - a scroll of fear {unknown}
 m - a scroll of enchant weapon {unknown}
 q - a scroll of identify {unknown}
Potions
 f - a potion of attraction {unknown}
 g - a potion of might {unknown}
 o - a potion of haste {unknown}


   Skills:
 * Level 1.8 Fighting
 + Level 2.4 Short Blades
 + Level 2.0 Throwing
 * Level 1.8 Dodging
 * Level 7.1 Stealth


You had 2 spell levels left.
You didn't know any spells.
Your spell library contained the following spells:

 Spells                   Type           Power      Damage    Failure   Level
 Dazzling Flash           Conj/Hex       0%         N/A       69%         3
 Ozocubu's Armour         Ice            0%         N/A       69%         3
 Agony                    Necr           0%         N/A       100%        5
 Silence                  Hex/Air        0%         N/A       100%        5
 Ozocubu's Refrigeration  Ice            0%         4d5       100%        7


Dungeon Overview and Level Annotations

Branches:
Dungeon (3/15)

Altars:

Annotations:
D:3 Terence


Innate Abilities, Weirdness & Mutations

You are very small and have problems with some larger weapons.
You are too small for most types of armour.
You have supernaturally acute eyesight. (SInv)
You cover ground extremely quickly. (Speed+++)


Message History

A ball python comes into view.
The helpless ball python fails to defend itself.
You spit the ball python like a pig!!!
You kill the ball python!
You see here a ball python corpse.
A worm comes into view.
The helpless worm fails to defend itself.
You perforate the worm like a sieve!!!
You kill the worm!
Found a book of the Senses.
You pick up a book of the Senses and begin reading...
You add the spells Dazzling Flash, Agony and Silence to your library.
You can't memorise that many levels of magic yet!
You see here a +0 dagger.
Done exploring.
(D) Dungeon
Where to? (Enter - D:2, ? - help)
What level of the Dungeon? (default 1, ? - help)
There is a stone staircase leading down here.
You climb downwards.
There is a stone staircase leading up here.
Found a scroll labelled FOAREO YSEOQ.
Found a stone staircase leading up.
q - a scroll labelled FOAREO YSEOQ
Found a stone staircase leading down.
You enter the shallow water.
Moving in this stuff is going to be slow.
Found 10 gold pieces.
You enter the shallow water.
Moving in this stuff is going to be slow.
You now have 125 gold pieces (gained 10).
You enter the shallow water.
Moving in this stuff is going to be slow.
Terence the Incautious comes into view.
He is wielding a +1 vorpal mace and carrying a wand of flame (14).
Terence shouts!
You hear an angry hiss.
Terence zaps a wand.
The puff of flame hits you!
Ouch! That really hurt!
Terence zaps a wand.
The puff of flame hits you!
Ouch! That really hurt!
You die...

### ...
##.....
##..##..
@..##.#
#..##.# #.#
#.# #@# #.#
#.###.##
#.##...##
#.#..#..##
#...###..#
#.#..#...#
#.##...#.#
..###.##...
.######.######


You could see Terence.

Vanquished Creatures
  A worm (D:2)
  A dart slug (D:1)
  3 endoplasms (D:2)
  5 giant cockroaches
  A goblin (D:2)
  3 hobgoblins
  3 jackals
  A quokka (D:1)
  5 ball pythons
  A bat (D:1)
  A frilled lizard (D:1)
  3 kobolds (D:1)
  4 rats
32 creatures vanquished.

Notes
Turn   | Place    | Note
-------+----------+-------------------------------------------
     0 | D:1      | styxcanada the Spriggan Brigand began the quest for the
                  | Orb.
     0 | D:1      | Reached XP level 1. HP: 10/10 MP: 2/2
    55 | D:1      | Reached skill level 6 in Stealth
   652 | D:1      | Reached XP level 2. HP: 14/14 MP: 3/3
  1139 | D:2      | Found a faded altar of an unknown god.
  1918 | D:2      | Reached XP level 3. HP: 18/18 MP: 4/4
  1932 | D:2      | Reached skill level 7 in Stealth
  2287 | D:3      | Noticed Terence
  2293 | D:3      | Killed from afar by Terence

Illustrated notes

Levels and vault maps discovered:
D:1:      dpeg_arrival_windows_large_door, layout_basic
D:2:      layout_rooms, hellmonk_ecumenical_altar_dog_temple, patterned_corridor
D:3:      layout_loops_ring, mainiacjoe_overflow_large_starburst,
          lemuel_tele_altar, serial_rivers, chequers_serial_rivers_micro_d,
          chequers_serial_rivers_large_a, chequers_serial_rivers_room_b,
          chequers_serial_rivers_small_b, uniq_terence, uniq_grinder

Skill      XL: |  1  2  3 |
---------------+----------+-----
Stealth        | 6 7 |  7.1
Fighting       | |  1.8
Short Blades   | |  2.4
Throwing       | |  2.0
Dodging        | |  1.8

Action                   || total
-------------------------++-------
Melee: Dagger            ||    86
Throw: Dart              ||     6
 Stab: Sleeping          ||    12
Armor: Robe              ||     7
Dodge: Dodged            ||    49
